 Dungeon Crawl Stone Soup version 0.24.0-1-gfbc8707122 (webtiles) character file.

Game seed: 14622785057260909485, levelgen mode: deterministic

14656 Lanoc the Martial Artist (level 11, -1/95 HPs)
             Began as a Red Draconian Transmuter on Oct 25, 2019.
             Was the Champion of Cheibriados.
             Shot with an arrow by a centaur (14 damage)
             ... on level 12 of the Dungeon.
             The game lasted 00:28:53 (10497 turns).

Lanoc the Martial Artist (DrTm)                    Turns: 10497, Time: 00:28:54

Health: -1/95      AC:  9    Str: 28    XL:     11   Next: 91%
Magic:  14/14      EV: 21    Int: 30    God:    Cheibriados [******]
Gold:   740        SH:  3    Dex: 33    Spells: 3/14 levels left

rFire    + . .     SeeInvis .     - Unarmed
rCold    + . .     Gourm    .   (no shield)
rNeg     . . .     Faith    .   (armour unavailable)
rPois    .         Spirit   .   (helmet restricted)
rElec    .         Reflect  +   (no cloak)
rCorr    .         Harm     .   l - +1 pair of gloves
MR       .....                  (no boots)
Stlth    ++........             u - +3 amulet of reflection
HPRegen  0.25/turn              H - +5 ring of dexterity
MPRegen  0.14/turn              J - ring of protection from cold

@: short of breath, very slightly contaminated, very slow
A: breathe fire, unfitting armour, fire resistance 1, cold-blooded, AC +7
a: Breathe Fire, Bend Time, Temporal Distortion, Slouch, Step From Time,
Renounce Religion


You were on level 12 of the Dungeon.
You worshipped Cheibriados.
Cheibriados was exalted by your worship.
You were hungry.

You visited 2 branches of the dungeon, and saw 13 of its levels.

You collected 740 gold pieces.

Inventory:

Missiles
 a - 262 arrows
 y - a throwing net (quivered)
Armour
 l - a +1 pair of gloves (worn)
Jewellery
 u - a +3 amulet of reflection (around neck)
 D - an uncursed amulet of the gourmand
 H - a +5 ring of dexterity (left hand)
 J - a ring of protection from cold (right hand)
Wands
 k - a wand of scattershot (4)
 w - a wand of iceblast (12)
 C - a wand of acid (6)
 I - a wand of polymorph (8)
Scrolls
 d - 4 scrolls of remove curse
 e - a scroll of immolation
 f - 15 scrolls of identify
 h - 4 scrolls of magic mapping
 j - 2 scrolls of fog
 n - 2 scrolls of enchant armour
 p - 2 scrolls of amnesia
 s - a scroll of enchant weapon
Potions
 b - a potion of magic
 g - a potion of resistance {unknown}
 i - a potion of might
 m - 2 potions of flight
 o - 3 potions of lignification
 q - a potion of agility {unknown}
 v - 2 potions of curing
 x - a potion of brilliance {unknown}
 z - a potion of berserk rage {unknown}
 B - a potion of mutation {unknown}
 E - a potion of cancellation {unknown}
 F - a potion of degeneration
Comestibles
 c - 24 rations


   Skills:
 + Level 8.7 Fighting
 + Level 7.5 Dodging
 * Level 11.5 Unarmed Combat
 - Level 2.0 Spellcasting
 * Level 11.4 Transmutations


You had 3 spell levels left.
You knew the following spells:

 Your Spells              Type           Power        Failure   Level  Hunger
a - Beastly Appendage     Tmut           ######       1%          1    None
b - Sticks to Snakes      Tmut           ######..     1%          2    ##.....
c - Spider Form           Tmut/Pois      #####.....   2%          3    ###....
d - Blade Hands           Tmut           ######....   1%          5    ######.

Your spell library contained the following spells:

 Spells                   Type           Power        Failure   Level  Hunger
 Ice Form                 Ice/Tmut       #####...     8%          4    ####...


Dungeon Overview and Level Annotations

Branches:
Dungeon (12/15)            Temple (1/1) D:7            Lair (0/6) D:10
    Orc (0/2) D:12

Altars:
Ashenzari
Cheibriados
Gozag
Kikubaaqudgha
Nemelex Xobeh
Okawaru
Ru
Wu Jian
Yredelemnul
Beogh

Shops:
D:5 %(:   D:12 :


Innate Abilities, Weirdness & Mutations

You can breathe blasts of fire.
Your fiery red scales are hard. (AC +7)
You cannot fit into any form of body armour.
Your flesh is heat resistant. (rF+)
You are cold-blooded and may be slowed by cold attacks.


Message History

You assume a fearsome visage.
The black bear looks frightened!
The centaur looks frightened! x2
The centaur shouts!
The centaur looks frightened! x2
The centaur gives up.
Cornered, the centaur turns to fight!
The centaur wields a +0 shortbow.
The centaur shoots an arrow.
The arrow completely misses you.
Blink to where?
Press: ? - help, Dir - move target cursor
As you read the scroll of blinking, it crumbles to dust.
Found a stone staircase leading up.
The centaur shoots an arrow.
The arrow hits you.
* * * LOW HITPOINT WARNING * * *
The centaur shoots an arrow.
The arrow misses you.
You see here 2 arrows.
The centaur shoots an arrow.
The arrow misses you.
The centaur shoots an arrow.
The arrow barely misses you.
The centaur shoots an arrow.
The arrow closely misses you.
The centaur shoots an arrow.
The arrow hits you!
You die...

*,***** **,,* **,,***
*,,,,,* **,,** ##c,,**
***,,** ##,,** ##c.,,,**
***,,,***##..,* #.[.,*,,##
*,,,,,,,,....#* #.$.#**..#
,,,,,,****#...#*
##...###... ,,,,,**
**,*#..### #(..#......
,,,,** **,,,,#..(##
##c....(... ,,,,*
*,,,,,**#@.#####....ยง.(###
*,,** *,,,,,*
##..#.......#### * ****
**,,,** ###c..#####* *
***** #####


You could see a centaur.

Vanquished Creatures
  Josephine (D:12)
  A vault guard (D:11)
  An unseen horror (D:11)
  Pikel (D:6)
  3 ugly things (D:11)
  A cyclops (D:11)
  2 centaur zombies (D:11)
  2 centaur skeletons
  A queen bee (D:9)
  2 trolls
  Prince Ribbit (D:6)
  5 hippogriffs
  5 yaks
  3 hogs (D:7)
  A steam dragon (D:10)
  3 humans (D:7)
  A hungry ghost (D:9)
  3 wraiths (D:12)
  Edmund (D:5)
  3 wargs (D:10)
  A water moccasin (D:8)
  A slave (D:6)
  A necrophage (D:9)
  3 ice beasts
  3 ogres
  7 centaurs
  A big kobold (D:11)
  8 bullfrogs
  A water moccasin zombie (D:5)
  A wyvern skeleton (D:8)
  4 scorpions
  27 killer bees
  6 wights
  5 crimson imps
  8 orc wizards
  2 bullfrog skeletons
  5 orc priests
  8 hounds
  4 jellies
  Jessica (D:2)
  10 worker ants
  Ijyb (D:4)
  An iguana (D:11)
  A hound skeleton (D:10)
  2 worker ant zombies
  11 gnolls
  A howler monkey skeleton (D:4)
  15 adders
  3 shadow imps
  An ooze (D:2)
  An adder zombie (D:6)
  3 adder skeletons
  6 worms
  5 dart slugs
  6 leopard geckos
  21 orcs
  6 giant cockroaches
  7 goblins
  4 hobgoblins
  11 jackals
  5 quokkas
  8 bats
  A frilled lizard (D:3)
  17 kobolds
  A leopard gecko skeleton (D:5)
  A leopard gecko zombie (D:6)
  A quokka skeleton (D:9)
  3 rats
291 creatures vanquished.

Vanquished Creatures (others)
  2 slime creatures (D:12)
  A hound skeleton (D:6)
  An adder (D:12)
  A quokka (D:12)
5 creatures vanquished.

Grand Total: 296 creatures vanquished

Notes
Turn   | Place    | Note
-------+----------+-------------------------------------------
     0 | D:1      | Lanoc the Draconian Transmuter began the quest for the Orb.
     0 | D:1      | Reached XP level 1. HP: 16/16 MP: 3/3
    70 | D:1      | Reached XP level 2. HP: 6/23 MP: 5/5
   340 | D:1      | Learned a level 2 spell: Sticks to Snakes
   826 | D:1      | Reached XP level 3. HP: 12/28 MP: 4/6
  1242 | D:2      | Learned a level 3 spell: Spider Form
  1261 | D:2      | Reached XP level 4. HP: 20/36 MP: 5/7
  1437 | D:2      | Noticed Jessica
  1446 | D:2      | Killed Jessica
  1712 | D:2      | Found an ornate altar of the Wu Jian Council.
  1785 | D:3      | Reached XP level 5. HP: 41/41 MP: 8/8
  1863 | D:3      | Found a sacrificial altar of Ru.
  2648 | D:3      | Reached XP level 6. HP: 25/50 MP: 6/9
  3230 | D:4      | Found an opulent altar of Gozag.
  3327 | D:4      | Found Wimecic's Assorted Antiques.
  3345 | D:4      | Noticed Ijyb
  3380 | D:4      | Killed Ijyb
  3380 | D:4      | Reached skill level 5 in Unarmed Combat
  3769 | D:4      | Found a snail-covered altar of Cheibriados.
  3846 | D:4      | Became a worshipper of Cheibriados the Contemplative
  3881 | D:4      | Your scales start taking on a fiery red colour.
  3881 | D:4      | Reached XP level 7. HP: 42/57 MP: 8/10
  3881 | D:4      | Gained mutation: Your flesh is heat resistant. (rF+) [Red
                  | Draconian growth]
  4091 | D:5      | Entered Level 5 of the Dungeon
  4171 | D:5      | Reached skill level 5 in Transmutations
  4262 | D:5      | Noticed Edmund
  4280 | D:5      | Killed Edmund
  4296 | D:5      | Found Guweor's Antique Weapon Shoppe.
  4324 | D:5      | Got a crystal short sword
  4325 | D:5      | Identified the +9 short sword of Valuable Assets {venom,
                  | *Drain rPois Int-4 Dex+9} (You found it on level 5 of the
                  | Dungeon)
  4329 | D:5      | Found Axunke's Food Shop.
  4622 | D:5      | Found Poacilleo's Book Shop.
  4838 | D:6      | Reached XP level 8. HP: 38/66 MP: 7/11
  4846 | D:6      | HP: 3/66 [gnoll/+0 spear (2)]
  4847 | D:6      | HP: 1/66 [gnoll/+0 spear (2)]
  5176 | D:6      | Reached * piety under Cheibriados
  5231 | D:6      | Noticed Pikel
  5253 | D:6      | Killed Pikel
  5283 | D:6      | Reached skill level 5 in Fighting
  5392 | D:6      | Noticed Prince Ribbit
  5395 | D:6      | Killed Prince Ribbit
  5395 | D:6      | Reached XP level 9. HP: 51/74 MP: 12/12
  5440 | D:6      | Found a sparkling altar of Nemelex Xobeh.
  5903 | D:7      | Found a staircase to the Ecumenical Temple.
  5910 | Temple   | Entered the Ecumenical Temple
  6009 | D:7      | Reached ** piety under Cheibriados
  6009 | D:7      | Reached skill level 5 in Dodging
  6209 | D:7      | Learned a level 5 spell: Blade Hands
  6409 | D:7      | Found an iron altar of Okawaru.
  6867 | D:8      | Reached XP level 10. HP: 83/84 MP: 13/13
  7510 | D:9      | Found a roughly hewn altar of Beogh.
  7591 | D:9      | Reached *** piety under Cheibriados
  7733 | D:9      | Reached **** piety under Cheibriados
  8447 | D:10     | Entered Level 10 of the Dungeon
  8465 | D:10     | Reached skill level 10 in Unarmed Combat
  8932 | D:10     | Found a staircase to the Lair.
  8939 | D:10     | Reached skill level 10 in Transmutations
  8940 | D:10     | Reached ***** piety under Cheibriados
  9193 | D:10     | Reached XP level 11. HP: 88/92 MP: 8/14
  9402 | D:11     | Noticed a vault guard
  9410 | D:11     | Killed a vault guard
  9424 | D:11     | Found a portal to a secret trove of treasure.
  9540 | D:11     | Noticed a green ugly thing
  9540 | D:11     | Noticed a cyan ugly thing
  9543 | D:11     | Noticed a cyan ugly thing
  9549 | D:11     | Killed a cyan ugly thing
  9553 | D:11     | Killed a green ugly thing
  9561 | D:11     | Killed a cyan ugly thing
  9561 | D:11     | HP: 1/94 [cyclops/large rock (18)]
  9945 | D:11     | Killed an unseen horror
 10401 | D:12     | Noticed Josephine
 10410 | D:12     | Killed Josephine
 10453 | D:12     | Found Nifataf's Book Shoppe.
 10477 | D:12     | HP: 3/95 [centaur/arrow (4)]
 10483 | D:12     | Reached ****** piety under Cheibriados
 10497 | D:12     | Shot with an arrow by a centaur

Levels and vault maps discovered:
D:1:      lightli_arrival_quake, layout_basic
D:2:      layout_basic, lemuel_coloured_pillars_altar, first_ration,
          minmay_misc_feat_x, kennysheep_small_spiral, uniq_jessica
D:3:      layout_basic, lemuel_round_altar, chequers_mini_garden
D:4:      minmay_skewed_foursquare, layout_basic, grunt_gozag_statues,
          lemuel_round_altar, serial_shops, shop, uniq_ijyb
D:5:      layout_loops_ring, serial_shops, shop, nicolae_shop_statue_plus, shop,
          minmay_tree_intersection, uniq_edmund
D:6:      layout_basic, nemelex_altar_shiori, grunt_decor_one_mirror,
          uniq_prince_ribbit1, uniq_pikel
D:7:      layout_basic, okawaru_humans, minmay_temple_entry_slanted,
          grunt_livestock, ebering_dispersal_statue_hall
D:8:      layout_gridville
D:9:      layout_roguey [special_room_bee], david_defended_altar_orc
D:10:     layout_long_grid, erik_lair_orcish_takeover, minmay_misc_feat_rugged
D:11:     layout_basic, enter_trove_5, kennysheep_nondescript
D:12:     minmay_shoctagon, layout_cave_pods, minmay_orc_entry_temple_small,
          serial_shops, shop, lemuel_flamethrower_2, uniq_josephine,
          uniq_erolcha
Temple:   lightli_temple_of_artemis

Skill      XL: |  1  2  3  4  5  6  7  8  9 10 11 |
---------------+----------------------------------+-----
Dodging        | 2 3 4 5 6 7 |  7.5
Transmutations | 3 4 5 7 8 10 11 | 11.4
Fighting       | 2 3 4 5 6 7 8 |  8.7
Unarmed Combat | 4 5 6 7 8 10 11 | 11.5
Spellcasting   | |  2.0

Action                   |  1- 3 |  4- 6 |  7- 9 | 10-12 || total
-------------------------+-------+-------+-------+-------++-------
Melee: Unarmed           |   146 |   290 |   197 |   282 ||   915
       Tailslap          |    16 |    31 |    23 |    62 ||   132
       Kick              |     5 |    20 |    18 |       ||    43
       Punch             |     3 |     3 |     4 |    24 ||    34
       Headbutt          |    10 |    17 |    15 |     4 ||    46
 Cast: Beastly Appendage |    14 |    23 |    11 |     2 ||    50
       Sticks to Snakes  |     1 |     3 |       |       ||     4
       Spider Form       |       |     2 |     2 |       ||     4
       Blade Hands       |       |       |       |    15 ||    15
 Abil: Breathe Fire      |       |       |    31 |    33 ||    64
  Use: Potion            |       |       |     1 |    10 ||    11
       Scroll            |       |       |       |    16 ||    16
 Stab: Sleeping          |     1 |     1 |     1 |     2 ||     5
       Distracted        |       |     1 |       |     2 ||     3
  Eat: Chunk             |     2 |     9 |    10 |    11 ||    32
       Ration            |       |       |     1 |     2 ||     3
Armor: Skin              |    39 |    74 |    44 |    89 ||   246
Dodge: Dodged            |    64 |   204 |   140 |   322 ||   730
Block: Other             |       |       |     7 |    44 ||    51
       Reflection        |       |       |       |     7 ||     7
